APL (24 & UNDER)
NASHUA REDLEGS @ SAVANNAH HOGS
08/09/2028
 
TOP OF THE 1ST
Nashua Redlegs batting - Pitching for Savannah Hogs : RHP Salvador Cervantes
Pitching: RHP Salvador Cervantes
Batting: LHB Derrek Robinson 0-0: Called Strike
0-1: Ball
1-1: Ball
2-1: Ball
3-1: Foul Ball, location: 2F
3-2: Ground out 4-3 (Groundball, 4)
Batting: RHB Currito Campos 0-0: Ball
1-0: Called Strike
1-1: Foul Ball, location: 2F
1-2: Ground out 6-3 (Groundball, 6)
Batting: LHB Bob Campbell 0-0: Ball
1-0: Ball
2-0: DOUBLE (Line Drive, 7LM)
Batting: RHB Katsuhito Ohayashi 0-0: Called Strike
0-1: Called Strike
0-2: Ball
1-2: Strikes out looking
Top of the 1st over - 0 run(s), 1 hit(s), 0 error(s), 1 left on base; Nashua 0 - Savannah 0
BOTTOM OF THE 1ST
Savannah Hogs batting - Pitching for Nashua Redlegs : RHP Ronnie Jefferson
Pitching: RHP Ronnie Jefferson
Batting: LHB Seth Sullivan 0-0: Ball
1-0: Ball
2-0: Foul Ball, location: 2F
2-1: Foul Ball, location: 2F
2-2: Foul Ball, location: 2F
2-2: Ball
3-2: SINGLE (Groundball, 56D)
Batting: RHB Marlon Hernández 0-0: Ball
1-0: Foul Ball, location: 2F
1-1: Ball
2-1: Swinging Strike
2-2: Ball
3-2: Fly out, F9 (Flyball, 9S)
Batting: SHB Juan Soriano 0-0: Ball
1-0: SINGLE (Line Drive, 56D)
Seth Sullivan to second
Batting: LHB Juan Vásquez 0-0: Called Strike
0-1: Ball
1-1: Fielders Choice at 2nd, 4-6 (Groundball, 4)
Seth Sullivan to third
Batting: RHB Guillermo González 0-0: Called Strike
0-1: Swinging Strike
0-2: Foul Ball, location: 2F
0-2: Ball
1-2: Foul Ball, location: 2F
1-2: Ball
2-2: Foul Ball, location: 2F
2-2: Ball
3-2: Strikes out swinging
Bottom of the 1st over - 0 run(s), 2 hit(s), 0 error(s), 2 left on base; Nashua 0 - Savannah 0
TOP OF THE 2ND
Nashua Redlegs batting - Pitching for Savannah Hogs : RHP Salvador Cervantes
Batting: RHB Jorge Valenzuela 0-0: Called Strike
0-1: Ball
1-1: SOLO HOME RUN (Flyball, 7LD), Distance : 365 ft
Batting: RHB Dave Warren 0-0: Foul Ball, location: 2F
0-1: Ball
1-1: Ground out 6-3 (Groundball, 6)
Batting: LHB Alonso Carbajal 0-0: Ball
1-0: Ball
2-0: Swinging Strike
2-1: Ball
3-1: Foul Ball, location: 2F
3-2: Base on Balls
Batting: RHB António Pérez 0-0: Called Strike
0-1: Ball
1-1: Foul Ball, location: 2F
1-2: Ball
2-2: Fly out, F9 (Flyball, 9S)
Batting: RHB Spencer Pritchett 0-0: Ball
1-0: Ball
2-0: Ball
3-0: Base on Balls
Alonso Carbajal to second
Batting: LHB Derrek Robinson 0-0: Ball
1-0: Fielders Choice at 2nd, U6 (Groundball, 6M)
Top of the 2nd over - 1 run(s), 1 hit(s), 0 error(s), 2 left on base; Nashua 1 - Savannah 0
BOTTOM OF THE 2ND
Savannah Hogs batting - Pitching for Nashua Redlegs : RHP Ronnie Jefferson
Batting: RHB Jorge Chávez 0-0: Ball
1-0: Called Strike
1-1: Ball
2-1: Ball
3-1: Base on Balls
Batting: RHB José Fajardo 0-0: Called Strike
0-1: Called Strike
0-2: Ball
1-2: Grounds into double play, 6-4-3 (Groundball, 6)
Batting: RHB Miguel Cervantes 0-0: Called Strike
0-1: Called Strike
0-2: Strikes out looking
Bottom of the 2nd over - 0 run(s), 0 hit(s), 0 error(s), 0 left on base; Nashua 1 - Savannah 0
TOP OF THE 3RD
Nashua Redlegs batting - Pitching for Savannah Hogs : RHP Salvador Cervantes
Batting: RHB Currito Campos 0-0: Called Strike
0-1: Ball
1-1: Foul Ball, location: 2F
1-2: Foul Ball, location: 2F
1-2: Ball
2-2: Foul Ball, location: 2F
2-2: Ball
3-2: Base on Balls
Batting: LHB Bob Campbell 0-0: Foul Ball, location: 2F
0-1: Ball
1-1: Ball
2-1: Swinging Strike
2-2: Fly out, F9 (Line Drive, 9)
Batting: RHB Katsuhito Ohayashi 0-0: Ball
1-0: Ball
2-0: Hit by Pitch
Currito Campos to second
Batting: RHB Jorge Valenzuela 0-0: Ball
1-0: SINGLE (Groundball, 34D)
Currito Campos to third
Katsuhito Ohayashi to second
Runner from 3rd tries for Home, throw and OUT!
Katsuhito Ohayashi to third
Jorge Valenzuela to second
Batting: RHB Dave Warren 0-0: Called Strike
0-1: Ball
1-1: Fly out, F7 (Flyball, 78S)
Top of the 3rd over - 0 run(s), 1 hit(s), 0 error(s), 2 left on base; Nashua 1 - Savannah 0
BOTTOM OF THE 3RD
Savannah Hogs batting - Pitching for Nashua Redlegs : RHP Ronnie Jefferson
Batting: LHB Marv Alexander 0-0: Ball
1-0: Called Strike
1-1: Ball
2-1: Called Strike
2-2: Ground out 1-3 (Groundball, 15S)
Batting: LHB Seth Sullivan 0-0: Ball
1-0: Ball
2-0: SINGLE (Flyball, 7S)
Batting: RHB Marlon Hernández 0-0: Ball
1-0: Foul Ball, location: 2F
1-1: Ball
2-1: Swinging Strike
2-2: Foul Ball, location: 2F
2-2: Reached on error, E5 (Groundball, 56)
Seth Sullivan to second
Batting: SHB Juan Soriano 0-0: DOUBLE (Line Drive, 78M)
Seth Sullivan scores
Marlon Hernández to third
Batting: LHB Juan Vásquez 0-0: Ball
1-0: Called Strike
1-1: Called Strike
1-2: Ball
2-2: Strikes out swinging
Batting: RHB Guillermo González 0-0: Called Strike
0-1: Called Strike
0-2: Ball
1-2: Foul Ball, location: 2F
1-2: Strikes out swinging
Bottom of the 3rd over - 1 run(s), 2 hit(s), 1 error(s), 2 left on base; Nashua 1 - Savannah 1
TOP OF THE 4TH
Nashua Redlegs batting - Pitching for Savannah Hogs : RHP Salvador Cervantes
Batting: LHB Alonso Carbajal 0-0: Called Strike
0-1: Fly out, F7 (Flyball, 7)
Batting: RHB António Pérez 0-0: Ball
1-0: Ball
2-0: Ground out 6-3 (Groundball, 6S)
Batting: RHB Spencer Pritchett 0-0: Ball
1-0: Called Strike
1-1: Called Strike
1-2: Ball
2-2: Ball
3-2: Strikes out swinging
Top of the 4th over - 0 run(s), 0 hit(s), 0 error(s), 0 left on base; Nashua 1 - Savannah 1
BOTTOM OF THE 4TH
Savannah Hogs batting - Pitching for Nashua Redlegs : RHP Ronnie Jefferson
Batting: RHB Jorge Chávez 0-0: Called Strike
0-1: Called Strike
0-2: Ball
1-2: Foul Ball, location: 2F
1-2: Ball
2-2: Strikes out looking
Batting: RHB José Fajardo 0-0: Ball
1-0: Ground out 5-3 (Groundball, 56S)
Batting: RHB Miguel Cervantes 0-0: Ball
1-0: Swinging Strike
1-1: Called Strike
1-2: Ball
2-2: Strikes out looking
Bottom of the 4th over - 0 run(s), 0 hit(s), 0 error(s), 0 left on base; Nashua 1 - Savannah 1
TOP OF THE 5TH
Nashua Redlegs batting - Pitching for Savannah Hogs : RHP Salvador Cervantes
Batting: LHB Derrek Robinson 0-0: Ball
1-0: Ball
2-0: Ball
3-0: Called Strike
3-1: Fly out, F3 (Popup, 3S)
Batting: RHB Currito Campos 0-0: SOLO HOME RUN (Flyball, 78XD), Distance : 394 ft
Batting: LHB Bob Campbell 0-0: Fly out, F2 (Popup, 34S)
Batting: RHB Katsuhito Ohayashi 0-0: Ball
1-0: SINGLE (Groundball, 6MD)
Batting: RHB Jorge Valenzuela 0-0: Called Strike
0-1: Foul Ball, location: 2F
0-2: Foul Ball, location: 2F
0-2: Strikes out swinging
Top of the 5th over - 1 run(s), 2 hit(s), 0 error(s), 1 left on base; Nashua 2 - Savannah 1
BOTTOM OF THE 5TH
Savannah Hogs batting - Pitching for Nashua Redlegs : RHP Ronnie Jefferson
Batting: LHB Marv Alexander 0-0: Ground out U3 (Groundball, 3L)
Batting: LHB Seth Sullivan 0-0: Fly out, F9 (Flyball, 9)
Batting: RHB Marlon Hernández 0-0: Foul Ball, location: 2F
0-1: SINGLE (Line Drive, 4MD)
Batting: SHB Juan Soriano 0-0: SINGLE (Flyball, 78S)
Marlon Hernández to second
Batting: LHB Juan Vásquez 0-0: SINGLE (Line Drive, 89S)
Marlon Hernández to third
Juan Soriano to second
Batting: RHB Guillermo González 0-0: SINGLE (Line Drive, 7S)
Marlon Hernández scores
Juan Soriano to third
Juan Vásquez to second
Runner from 3rd tries for Home, SAFE, no throw
Batting: RHB Jorge Chávez 0-0: Called Strike
0-1: Reached via error on a dropped throw, E6
Juan Vásquez to third
Guillermo González to second
Pitching: LHP José Rodríguez
Batting: RHB José Fajardo 0-0: Ball
1-0: Ball
2-0: Fly out, F8 (Flyball, 8RM)
Bottom of the 5th over - 2 run(s), 4 hit(s), 1 error(s), 3 left on base; Nashua 2 - Savannah 3
TOP OF THE 6TH
Nashua Redlegs batting - Pitching for Savannah Hogs : RHP Salvador Cervantes
Pitching: LHP Ricardo Rosário
Batting: RHB Dave Warren 0-0: Ball
1-0: Ball
2-0: Foul Ball, location: 2F
2-1: Called Strike
2-2: Ball
3-2: Strikes out swinging
Batting: LHB Alonso Carbajal 0-0: Ball
1-0: Ball
2-0: Ball
3-0: Called Strike
3-1: Swinging Strike
3-2: Strikes out swinging
Batting: RHB António Pérez 0-0: Ball
1-0: Foul Ball, location: 2F
1-1: Fly out, F9 (Flyball, 9S)
Top of the 6th over - 0 run(s), 0 hit(s), 0 error(s), 0 left on base; Nashua 2 - Savannah 3
BOTTOM OF THE 6TH
Savannah Hogs batting - Pitching for Nashua Redlegs : LHP José Rodríguez
Batting: RHB Miguel Cervantes 0-0: Called Strike
0-1: Ball
1-1: Fly out, F7 (Line Drive, 7)
Batting: LHB Marv Alexander 0-0: Ball
1-0: Ball
2-0: Foul Ball, location: 2F
2-1: Foul Ball, location: 2F
2-2: Ball
3-2: Ground out 3-1 (Groundball, 34)
Batting: LHB Seth Sullivan 0-0: Called Strike
0-1: Ball
1-1: Ball
2-1: DOUBLE (Flyball, 7)
Batting: RHB Marlon Hernández 0-0: SINGLE (Groundball, 6MS) (infield hit)
Seth Sullivan to third
Batting: SHB Juan Soriano 0-0: Ball
1-0: Ball
2-0: SINGLE (Line Drive, 9S)
Seth Sullivan scores
Marlon Hernández to second
Runner from 2nd tries for 3rd, SAFE, no throw
Batting: LHB Juan Vásquez 0-0: Called Strike
0-1: Ball
1-1: Swinging Strike
1-2: Fly out, F6 (Line Drive, 6S)
Bottom of the 6th over - 1 run(s), 3 hit(s), 0 error(s), 2 left on base; Nashua 2 - Savannah 4
TOP OF THE 7TH
Nashua Redlegs batting - Pitching for Savannah Hogs : LHP Ricardo Rosário
Batting: RHB Spencer Pritchett 0-0: Ball
1-0: Ball
2-0: Called Strike
2-1: Ball
3-1: Swinging Strike
3-2: Foul Ball, location: 2F
3-2: Foul Ball, location: 2F
3-2: Base on Balls
Batting: LHB Derrek Robinson 0-0: Called Strike
0-1: Ball
1-1: Swinging Strike
1-2: Ball
2-2: Ball
3-2: Foul Ball, location: 2F
3-2: Strikes out swinging
Batting: RHB Currito Campos 0-0: Called Strike
0-1: Foul Ball, location: 2F
0-2: Strikes out swinging
Batting: LHB Bob Campbell 0-0: Swinging Strike
0-1: Ball
1-1: Ball
2-1: Ball
3-1: Base on Balls
Spencer Pritchett to second
Pinch Hitting: RHB Eleuterio Supardo 0-0: Ball
1-0: SINGLE (Line Drive, 4D)
Spencer Pritchett to third
Bob Campbell to second
Runner from 3rd tries for Home, SAFE, no throw
Pinch Hitting: RHB Joe Noble 0-0: Ball
1-0: Fielders Choice at 2nd, U4 (Groundball, 4M)
Top of the 7th over - 1 run(s), 1 hit(s), 0 error(s), 2 left on base; Nashua 3 - Savannah 4
BOTTOM OF THE 7TH
Savannah Hogs batting - Pitching for Nashua Redlegs : LHP José Rodríguez
Now at 2B: Jason Patrick
Now at SS: William Rogers
Batting: RHB Guillermo González 0-0: Ball
1-0: Foul Ball, location: 2F
1-1: Ball
2-1: Foul Ball, location: 2F
2-2: Foul Ball, location: 2F
2-2: Ball
3-2: Foul Ball, location: 2F
3-2: Foul Ball, location: 2F
3-2: Foul Ball, location: 2F
3-2: SINGLE (Flyball, 7S)
Pinch Hitting: RHB Orlando Márquez 0-0: Ball
1-0: Ball
Guillermo González steals 2nd base
2-0: Called Strike
2-1: Called Strike
2-2: Foul Ball, location: 2F
2-2: Foul Ball, location: 2F
2-2: Ball
3-2: SINGLE (Groundball, 34D)
Guillermo González to third
Runner from 3rd tries for Home, SAFE, no throw
Batting: RHB José Fajardo 0-0: Ground out 4-3 (Groundball, 34)
Orlando Márquez to second
Batting: RHB Miguel Cervantes 0-0: Intentional Walk
Batting: LHB Marv Alexander 0-0: Called Strike
0-1: Called Strike
0-2: Ball
1-2: Ball
2-2: Strikes out swinging
Batting: LHB Seth Sullivan 0-0: Called Strike
0-1: Fly out, F7 (Flyball, 78M)
Bottom of the 7th over - 1 run(s), 2 hit(s), 0 error(s), 2 left on base; Nashua 3 - Savannah 5
TOP OF THE 8TH
Nashua Redlegs batting - Pitching for Savannah Hogs : LHP Ricardo Rosário
Now in RF: Orlando Márquez
Batting: RHB Dave Warren 0-0: Ball
1-0: Fly out, F8 (Flyball, 8LS)
Batting: LHB Alonso Carbajal 0-0: Swinging Strike
0-1: Foul Ball, location: 2F
0-2: Fly out, F7 (Flyball, 7LM)
Batting: RHB António Pérez 0-0: Called Strike
0-1: Swinging Strike
0-2: Strikes out swinging
Top of the 8th over - 0 run(s), 0 hit(s), 0 error(s), 0 left on base; Nashua 3 - Savannah 5
BOTTOM OF THE 8TH
Savannah Hogs batting - Pitching for Nashua Redlegs : LHP José Rodríguez
Pitching: LHP Keith Burns
Batting: RHB Marlon Hernández 0-0: Called Strike
0-1: Ball
1-1: SINGLE (Flyball, 7S)
Batting: SHB Juan Soriano 0-0: Called Strike
0-1: Ball
1-1: Ball
2-1: Ball
3-1: Foul Ball, location: 2F
3-2: Foul Ball, location: 2F
3-2: SINGLE (Line Drive, 34)
Marlon Hernández to second
Pinch Hitting: RHB Wilson Ortíz 0-0: Ball
1-0: Ball
2-0: Ball
3-0: Called Strike
Balk!
Marlon Hernández to third
Juan Soriano to second
3-1: Base on Balls
Batting: RHB Guillermo González 0-0: Called Strike
0-1: Foul Ball, location: 2F
0-2: SINGLE (Line Drive, 4M)
Marlon Hernández scores
Juan Soriano to third
Wilson Ortíz to second
Runner from 3rd tries for Home, SAFE, throw made at trailing runner, OUT at third!
Batting: RHB Orlando Márquez 0-0: Ball
1-0: Ball
2-0: Foul Ball, location: 2F
2-1: Fly out, F8 (Line Drive, 78D)
Batting: RHB José Fajardo 0-0: Called Strike
0-1: Ball
Guillermo González steals 2nd base
1-1: Foul Ball, location: 2F
1-2: Strikes out swinging
Bottom of the 8th over - 2 run(s), 3 hit(s), 0 error(s), 1 left on base; Nashua 3 - Savannah 7
TOP OF THE 9TH
Nashua Redlegs batting - Pitching for Savannah Hogs : LHP Ricardo Rosário
Now in CF: Felipe Franco
Batting: RHB Spencer Pritchett 0-0: Called Strike
0-1: SINGLE (Line Drive, 78S)
Batting: LHB Derrek Robinson 0-0: Ball
1-0: Ball
2-0: Foul Ball, location: 2F
2-1: Grounds into double play, 6-4-3 (Groundball, 6)
Batting: RHB Currito Campos 0-0: Ground out 6-3 (Groundball, 6)
Top of the 9th over - 0 run(s), 1 hit(s), 0 error(s), 0 left on base; Nashua 3 - Savannah 7
Tuesday, August 8th, 2017 - OOTP Baseball 17.12 Build 75